 Dungeon Crawl Stone Soup version 0.26.1-11-gd32895ea62 (webtiles) character file.

Game seed: 6551672931323045654

41 eooof the Skirmisher (level 3, 0/33 HPs)
             Began as a Draconian Monk on May 25, 2021.
             Succumbed to an adder's poison
             ... on level 3 of the Dungeon.
             The game lasted 00:03:25 (474 turns).

eooof the Skirmisher (Draconian Monk)                Turns: 474, Time: 00:03:26

Health: 0/33       AC:  6    Str: 14    XL:     3   Next: 32%
Magic:  3/3        EV: 13    Int: 10    God:
Gold:   28         SH:  0    Dex: 13    Spells: 2/2 levels left

rFire    . . .     SeeInvis .   a - +0 falchion
rCold    . . .     Faith    .   (no shield)
rNeg     . . .     Spirit   .   (armour unavailable)
rPois    .         Reflect  .   (helmet restricted)
rElec    .         Harm     .   b - +0 cloak
rCorr    .         Rampage  .   (no gloves)
Will     .....                  (no boots)
Stlth    ++........             (no amulet)
HPRegen  0.11/turn              (no ring)
MPRegen  0.08/turn              (no ring)

@: lethally poisoned (0 -> -5)
A: unfitting armour, cold-blooded, AC +5
a: no special abilities


You were on level 3 of the Dungeon.
You visited 1 branch of the dungeon, and saw 3 of its levels.

You collected 28 gold pieces.

Inventory:

Hand Weapons
 a - a +0 falchion (weapon)
Armour
 b - a +0 cloak (worn)
Scrolls
 c - a scroll of teleportation


   Skills:
 + Level 3.8 Fighting
 + Level 3.6 Long Blades
 + Level 3.0 Dodging
 + Level 1.9 Stealth


You had 2 spell levels left.
You didn't know any spells.
Your spell library was empty.

Dungeon Overview and Level Annotations

Branches:
Dungeon (3/15)

Altars:
Nemelex Xobeh


Innate Abilities, Weirdness & Mutations

Your plain brown scales are hard. (AC +5)
You cannot fit into any form of body armour.
You are cold-blooded and may be slowed by cold attacks.


Message History

You barely miss the hobgoblin.
The hobgoblin is severely wounded.
The orc priest hits you but does no damage.
You closely miss the orc priest.
* * * LOW HITPOINT WARNING * * *
You feel sick. The hobgoblin closely misses you.
You riposte.
You hit the hobgoblin but do no damage. You tail-slap the hobgoblin.
You kill the hobgoblin!
You hit the orc priest but do no damage.
Your tail-slap misses the orc priest.
* * * LOW HITPOINT WARNING * * *
You feel sick. The orc priest closely misses you.
You riposte.
You closely miss the orc priest. The adder bites you but does no damage.
You closely miss the orc priest.
The orc priest hits you with a +0 flail.
* * * LOW HITPOINT WARNING * * *
The adder misses you.
The rat twitches its whiskers.
You hit the orc priest but do no damage.
You die...

####○###...###○#######.###
###☼§§##...##§§°## #.#
##§§§§☼#...#§§§§§# #.#
###☼§°##.⌠.##§☼○## #.#
####○###...###°### #.#
########...####### #.#
######'''#######
#..o....... #.@Sr......
####....... .......
....... .[..... 8.o...8
....... ...o...


You could see an orc priest, an adder and a rat.

Vanquished Creatures
  2 adders (D:3)
  A dart slug (D:1)
  A ball python (D:1)
  A bat (D:2)
  A giant cockroach (D:1)
  2 goblins (D:2)
  4 hobgoblins
  2 jackals (D:3)
  A kobold (D:2)
  2 frilled lizards (D:1)
  3 rats
20 creatures vanquished.

Vanquished Creatures (others)
  5 fungi (D:3)
  5 plants (D:3)
10 creatures vanquished.

Grand Total: 30 creatures vanquished

Notes
Turn   | Place    | Note
-------+----------+-------------------------------------------
     0 | D:1      | eooof the Draconian Monk began the quest for the Orb.
     0 | D:1      | Reached XP level 1. HP: 19/19 MP: 1/1
    66 | D:1      | Reached XP level 2. HP: 26/26 MP: 2/2
   199 | D:2      | HP: 1/27 [poisoned by an adder]
   267 | D:2      | Reached XP level 3. HP: 8/33 MP: 3/3
   406 | D:3      | Found a sparkling altar of Nemelex Xobeh.
   473 | D:3      | HP: 1/33 [orc priest/+0 flail (5)]
   474 | D:3      | Succumbed to an adder's poison

Illustrated notes

Levels and vault maps discovered:
D:1:      minmay_arrival_plants_in_alcoves, layout_loops_corners
D:2:      layout_loops_ring, chequers_ecumenical_altar_simple_redux
D:3:      layout_rooms, grunt_temple_overflow_forces_of_nature,
          chequers_temple_overflow_statue_of_worship, st_stairs_1,
          nemelex_altar_shiori, uniq_robin, uniq_crazy_yiuf_cottage

Skill      XL: |  1  2 |
---------------+-------+-----
Dodging        | 3 |  3.0
Fighting       | |  3.8
Long Blades    | |  3.6
Stealth        | |  1.9

Action                   || total
-------------------------++-------
Melee: Falchion          ||    70
       Tailslap          ||     8
  Use: Scroll            ||     3
       Potion            ||     1
 Stab: Sleeping          ||     1
Armor: Skin              ||    26
Dodge: Dodged            ||    61
       Rpst.: Falchion   ||    21
